SL
NEW AMSTERDAM REPUBLICS @ CHICAGO HAWKS
06/24/2023
 
TOP OF THE 1ST
New Amsterdam Republics batting - Pitching for Chicago Hawks : RHP Alejandro Arteaga
Pitching: RHP Alejandro Arteaga
Batting: RHB António Pérez 0-0: Ground out 6-3 (Groundball, 6)
Batting: RHB Cory Hansen 0-0: Called Strike
0-1: Ball
1-1: Ball
2-1: Ball
3-1: Foul Ball, location: 2F
3-2: Strikes out looking
Batting: LHB Félix López 0-0: Called Strike
0-1: Foul Ball, location: 2F
0-2: Ball
1-2: Strikes out swinging
Top of the 1st over - 0 run(s), 0 hit(s), 0 error(s), 0 left on base; New Amsterdam 0 - Chicago 0
BOTTOM OF THE 1ST
Chicago Hawks batting - Pitching for New Amsterdam Republics : RHP Pedro Castro
Pitching: RHP Pedro Castro
Batting: RHB Ludwig Kluge 0-0: Called Strike
0-1: Ball
1-1: Foul Ball, location: 2F
1-2: Ball
2-2: Ball
3-2: Ground out 5-3 (Groundball, 5S)
Batting: RHB Pedro Cruz 0-0: Ground out 5-3 (Groundball, 5L)
Batting: RHB Robbie Roach 0-0: Swinging Strike
0-1: Called Strike
0-2: Ball
1-2: Ball
2-2: Ball
3-2: Base on Balls
Batting: LHB Mal Wadley 0-0: Called Strike
0-1: Called Strike
0-2: Ball
1-2: DOUBLE (Line Drive, 9LS)
Robbie Roach to third
Batting: RHB Chandler Bailey 0-0: Called Strike
0-1: Foul Ball, location: 2F
0-2: Ball
1-2: Ball
2-2: Ball
3-2: Strikes out swinging
Bottom of the 1st over - 0 run(s), 1 hit(s), 0 error(s), 2 left on base; New Amsterdam 0 - Chicago 0
TOP OF THE 2ND
New Amsterdam Republics batting - Pitching for Chicago Hawks : RHP Alejandro Arteaga
Batting: RHB Júlio Maldonado 0-0: Called Strike
0-1: Swinging Strike
0-2: Ball
1-2: Foul Ball, location: 2F
1-2: Ball
2-2: Fly out, F8 (Flyball, 8RD)
Batting: LHB Steve Ingram 0-0: Called Strike
0-1: Ball
1-1: Foul Ball, location: 2F
1-2: Strikes out swinging
Batting: RHB Luis Muńóz 0-0: SINGLE (Groundball, 5L)
Batting: LHB Eric Ward 0-0: Called Strike
0-1: Ball
1-1: SINGLE (Groundball, 34D)
Luis Muńóz to second
Runner from 2nd tries for 3rd, SAFE, throw made to third
Batting: RHB Ed Anderson 0-0: Fly out, F7 (Flyball, 78M)
Top of the 2nd over - 0 run(s), 2 hit(s), 0 error(s), 2 left on base; New Amsterdam 0 - Chicago 0
BOTTOM OF THE 2ND
Chicago Hawks batting - Pitching for New Amsterdam Republics : RHP Pedro Castro
Batting: LHB Bill Griffin 0-0: Foul Ball, location: 2F
0-1: Ball
1-1: Ball
2-1: Foul Ball, location: 2F
2-2: Ball
3-2: Strikes out swinging
Batting: RHB Yoshio Matsuo 0-0: Fly out, F8 (Flyball, 89S)
Batting: RHB Soseki Matsunaga 0-0: Swinging Strike
0-1: Ground out 1-3 (Groundball, 15)
Bottom of the 2nd over - 0 run(s), 0 hit(s), 0 error(s), 0 left on base; New Amsterdam 0 - Chicago 0
TOP OF THE 3RD
New Amsterdam Republics batting - Pitching for Chicago Hawks : RHP Alejandro Arteaga
Batting: RHB Takeru Sanu 0-0: Ball
1-0: SINGLE (Groundball, 34)
Batting: RHB António Pérez 0-0: Foul Ball, location: 2F
0-1: Ball
1-1: Grounds into double play, 4-6-3 (Groundball, 4)
Batting: RHB Cory Hansen 0-0: Ball
1-0: Ball
2-0: Foul Ball, location: 2F
2-1: DOUBLE (Line Drive, 7D)
Batting: LHB Félix López 0-0: Swinging Strike
0-1: Swinging Strike
0-2: Ball
1-2: Strikes out swinging
Top of the 3rd over - 0 run(s), 2 hit(s), 0 error(s), 1 left on base; New Amsterdam 0 - Chicago 0
BOTTOM OF THE 3RD
Chicago Hawks batting - Pitching for New Amsterdam Republics : RHP Pedro Castro
Batting: RHB Pedro Longoria 0-0: Ground out 6-3 (Groundball, 6)
Batting: RHB Ludwig Kluge 0-0: Called Strike
0-1: Foul Ball, location: 2F
0-2: Strikes out swinging
Batting: RHB Pedro Cruz 0-0: Fly out, F8 (Flyball, 8RM)
Bottom of the 3rd over - 0 run(s), 0 hit(s), 0 error(s), 0 left on base; New Amsterdam 0 - Chicago 0
TOP OF THE 4TH
New Amsterdam Republics batting - Pitching for Chicago Hawks : RHP Alejandro Arteaga
Batting: RHB Júlio Maldonado 0-0: Foul Ball, location: 2F
0-1: Ball
1-1: Foul Ball, location: 2F
1-2: Foul Ball, location: 2F
1-2: Fly out, F6 (Flyball, 78S)
Batting: LHB Steve Ingram 0-0: Called Strike
0-1: Ball
1-1: Foul Ball, location: 2F
1-2: Strikes out swinging
Batting: RHB Luis Muńóz 0-0: Fly out, F4 (Popup, 4M)
Top of the 4th over - 0 run(s), 0 hit(s), 0 error(s), 0 left on base; New Amsterdam 0 - Chicago 0
BOTTOM OF THE 4TH
Chicago Hawks batting - Pitching for New Amsterdam Republics : RHP Pedro Castro
Batting: RHB Robbie Roach 0-0: Ground out 5-3 (Groundball, 56)
Batting: LHB Mal Wadley 0-0: DOUBLE (Flyball, 78S)
Batting: RHB Chandler Bailey 0-0: Called Strike
0-1: Ball
1-1: Ground out 1-3 (Groundball, 13S)
Mal Wadley to third
Batting: LHB Bill Griffin 0-0: Foul Ball, location: 2F
0-1: Ball
1-1: Ball
2-1: Fly out, F7 (Flyball, 78XD)
Bottom of the 4th over - 0 run(s), 1 hit(s), 0 error(s), 1 left on base; New Amsterdam 0 - Chicago 0
TOP OF THE 5TH
New Amsterdam Republics batting - Pitching for Chicago Hawks : RHP Alejandro Arteaga
Batting: LHB Eric Ward 0-0: Called Strike
0-1: Foul Ball, location: 2F
0-2: Ball
1-2: Ground out 4-3 (Groundball, 34)
Batting: RHB Ed Anderson 0-0: Foul Ball, location: 2F
0-1: Foul Ball, location: 2F
0-2: Ball
1-2: Ball
2-2: Ground out 5-3 (Groundball, 5L)
Batting: RHB Takeru Sanu 0-0: Called Strike
0-1: Swinging Strike
0-2: SOLO HOME RUN (Flyball, 78XD), Distance : 371 ft
Batting: RHB António Pérez 0-0: Swinging Strike
0-1: Swinging Strike
0-2: Foul Ball, location: 2F
0-2: Hit by Pitch
Batting: RHB Cory Hansen 0-0: Foul Ball, location: 2F
0-1: Ball
1-1: Ground out 3-1 (Groundball, 34)
Top of the 5th over - 1 run(s), 1 hit(s), 0 error(s), 1 left on base; New Amsterdam 1 - Chicago 0
BOTTOM OF THE 5TH
Chicago Hawks batting - Pitching for New Amsterdam Republics : RHP Pedro Castro
Batting: RHB Yoshio Matsuo 0-0: Called Strike
0-1: Foul Ball, location: 2F
0-2: Ball
1-2: Foul Ball, location: 2F
1-2: Foul Ball, location: 2F
1-2: Foul Ball, location: 2F
1-2: Ball
2-2: Fly out, F3 (Popup, 3F)
Batting: RHB Soseki Matsunaga 0-0: Called Strike
0-1: Ball
1-1: Ball
2-1: Ball
3-1: Foul Ball, location: 2F
3-2: SINGLE (Groundball, 4MD)
Batting: RHB Pedro Longoria 0-0: Called Strike
0-1: Ball
1-1: Foul Ball, location: 2F
1-2: Fly out, F9 (Flyball, 9S)
Batting: RHB Ludwig Kluge 0-0: Ball
1-0: Fly out, F7 (Flyball, 78M)
Bottom of the 5th over - 0 run(s), 1 hit(s), 0 error(s), 1 left on base; New Amsterdam 1 - Chicago 0
TOP OF THE 6TH
New Amsterdam Republics batting - Pitching for Chicago Hawks : RHP Alejandro Arteaga
Batting: LHB Félix López 0-0: Called Strike
0-1: Called Strike
0-2: Ball
1-2: Ball
2-2: Foul Ball, location: 2F
2-2: Foul Ball, location: 2F
2-2: Fly out, F5 (Popup, 56S)
Batting: RHB Júlio Maldonado 0-0: Ball
1-0: Called Strike
1-1: Ball
2-1: Foul Ball, location: 2F
2-2: Foul Ball, location: 2F
2-2: Strikes out swinging
Batting: LHB Steve Ingram 0-0: Ball
1-0: Swinging Strike
1-1: Ball
2-1: Swinging Strike
2-2: Strikes out swinging
Top of the 6th over - 0 run(s), 0 hit(s), 0 error(s), 0 left on base; New Amsterdam 1 - Chicago 0
BOTTOM OF THE 6TH
Chicago Hawks batting - Pitching for New Amsterdam Republics : RHP Pedro Castro
Batting: RHB Pedro Cruz 0-0: Ground out 6-3 (Groundball, 6)
Batting: RHB Robbie Roach 0-0: Ground out 5-3 (Groundball, 5)
Batting: LHB Mal Wadley 0-0: Ball
1-0: Ball
2-0: Ball
3-0: Called Strike
3-1: Swinging Strike
3-2: SOLO HOME RUN (Flyball, 9D), Distance : 353 ft
Batting: RHB Chandler Bailey 0-0: Called Strike
0-1: Ball
1-1: SINGLE (Groundball, 6D)
Batting: LHB Bill Griffin 0-0: Called Strike
0-1: Called Strike
0-2: Strikes out looking
Bottom of the 6th over - 1 run(s), 2 hit(s), 0 error(s), 1 left on base; New Amsterdam 1 - Chicago 1
TOP OF THE 7TH
New Amsterdam Republics batting - Pitching for Chicago Hawks : RHP Alejandro Arteaga
Batting: RHB Luis Muńóz 0-0: Called Strike
0-1: Swinging Strike
0-2: Strikes out swinging
Batting: LHB Eric Ward 0-0: SINGLE (Groundball, 4MD) (infield hit)
Batting: RHB Ed Anderson 0-0: Called Strike
0-1: Foul Ball, location: 2F
0-2: Strikes out swinging
Batting: RHB Takeru Sanu 0-0: Ball
1-0: Reached on Error, E6 (Popup, 6)
Eric Ward to second
Batting: RHB António Pérez 0-0: Called Strike
0-1: Ball
1-1: Fielders Choice at 2nd, 6-4 (Groundball, 6)
Top of the 7th over - 0 run(s), 1 hit(s), 1 error(s), 1 left on base; New Amsterdam 1 - Chicago 1
BOTTOM OF THE 7TH
Chicago Hawks batting - Pitching for New Amsterdam Republics : RHP Pedro Castro
Batting: RHB Yoshio Matsuo 0-0: Called Strike
0-1: Fly out, F5 (Line Drive, 56)
Batting: RHB Soseki Matsunaga 0-0: Ball
1-0: Fly out, F9 (Flyball, 9M)
Batting: RHB Pedro Longoria 0-0: Called Strike
0-1: SINGLE (Line Drive, 89M)
Batting: RHB Ludwig Kluge 0-0: Ball
1-0: Swinging Strike
1-1: Called Strike
1-2: Ball
Pedro Longoria is caught stealing 2nd base
Bottom of the 7th over - 0 run(s), 1 hit(s), 0 error(s), 0 left on base; New Amsterdam 1 - Chicago 1
TOP OF THE 8TH
New Amsterdam Republics batting - Pitching for Chicago Hawks : RHP Alejandro Arteaga
Batting: RHB Cory Hansen 0-0: Ball
1-0: Foul Ball, location: 2F
1-1: Foul Ball, location: 2F
1-2: Ball
2-2: SINGLE (Groundball, 56D)
Batting: LHB Félix López 0-0: Fly out, F8 (Flyball, 8RXD)
Batting: RHB Júlio Maldonado 0-0: Called Strike
0-1: Called Strike
0-2: Foul Ball, location: 2F
0-2: Foul Ball, location: 2F
0-2: Ball
1-2: Ball
2-2: Foul Ball, location: 2F
2-2: Strikes out swinging
Pitching: RHP Stuart Lee
Batting: LHB Steve Ingram 0-0: Called Strike
0-1: Ground out U3 (Groundball, 3L)
Top of the 8th over - 0 run(s), 1 hit(s), 0 error(s), 1 left on base; New Amsterdam 1 - Chicago 1
BOTTOM OF THE 8TH
Chicago Hawks batting - Pitching for New Amsterdam Republics : RHP Pedro Castro
Batting: RHB Ludwig Kluge 0-0: Ground out 6-3 (Groundball, 6)
Batting: RHB Pedro Cruz 0-0: Ball
1-0: Ground out 1-3 (Groundball, 15)
Batting: RHB Robbie Roach 0-0: Ball
1-0: Fly out, F9 (Popup, 4D)
Bottom of the 8th over - 0 run(s), 0 hit(s), 0 error(s), 0 left on base; New Amsterdam 1 - Chicago 1
TOP OF THE 9TH
New Amsterdam Republics batting - Pitching for Chicago Hawks : RHP Stuart Lee
Pitching: RHP Robinson Gonzáles
Batting: RHB Luis Muńóz 0-0: Ball
1-0: Ground out 6-3 (Groundball, 6M)
Batting: LHB Eric Ward 0-0: Swinging Strike
0-1: Swinging Strike
0-2: Ball
1-2: SINGLE (Groundball, 4MD)
Batting: RHB Ed Anderson 0-0: Swinging Strike
0-1: Ball
1-1: Swinging Strike
1-2: Strikes out looking
Batting: RHB Takeru Sanu 0-0: Ball
Eric Ward steals 2nd base
1-0: Ball
2-0: Called Strike
2-1: Foul Ball, location: 2F
2-2: Ball
3-2: Strikes out swinging
Top of the 9th over - 0 run(s), 1 hit(s), 0 error(s), 1 left on base; New Amsterdam 1 - Chicago 1
BOTTOM OF THE 9TH
Chicago Hawks batting - Pitching for New Amsterdam Republics : RHP Pedro Castro
Batting: LHB Mal Wadley 0-0: Fly out, F9 (Flyball, 9LM)
Batting: RHB Chandler Bailey 0-0: Ball
1-0: Ball
2-0: Ground out 4-3 (Groundball, 4)
Batting: LHB Bill Griffin 0-0: Ball
1-0: Ground out 5-3 (Groundball, 56)
Bottom of the 9th over - 0 run(s), 0 hit(s), 0 error(s), 0 left on base; New Amsterdam 1 - Chicago 1
TOP OF THE 10TH
New Amsterdam Republics batting - Pitching for Chicago Hawks : RHP Robinson Gonzáles
Batting: RHB António Pérez 0-0: Called Strike
0-1: Ball
1-1: Foul Ball, location: 2F
1-2: Strikes out swinging
Batting: RHB Cory Hansen 0-0: Ground out 6-3 (Groundball, 6)
Batting: LHB Félix López 0-0: Ball
1-0: Foul Ball, location: 2F
1-1: Called Strike
1-2: Foul Ball, location: 2F
1-2: Ground out 4-3 (Groundball, 4)
Top of the 10th over - 0 run(s), 0 hit(s), 0 error(s), 0 left on base; New Amsterdam 1 - Chicago 1
BOTTOM OF THE 10TH
Chicago Hawks batting - Pitching for New Amsterdam Republics : RHP Pedro Castro
Batting: RHB Yoshio Matsuo 0-0: Ball
1-0: Ball
2-0: Foul Ball, location: 2F
2-1: Called Strike
2-2: Foul Ball, location: 2F
2-2: Ball
3-2: Base on Balls
Pitching: RHP Gavin Blackburn
Batting: RHB Soseki Matsunaga 0-0: Ball
1-0: Ball
2-0: Bunted foul
2-1: Sac Bunt - play at first, batter OUT! 1-4
Yoshio Matsuo to second
Pinch Hitting: RHB Brent Barlow 0-0: Called Strike
0-1: Foul Ball, location: 2F
0-2: Ball
1-2: Foul Ball, location: 2F
1-2: Strikes out swinging
Batting: RHB Ludwig Kluge 0-0: Ground out 6-3 (Groundball, 6)
Bottom of the 10th over - 0 run(s), 0 hit(s), 0 error(s), 1 left on base; New Amsterdam 1 - Chicago 1
TOP OF THE 11TH
New Amsterdam Republics batting - Pitching for Chicago Hawks : RHP Robinson Gonzáles
Pitching: RHP Ramiro Lara
Now at SS: Brent Barlow
Batting: RHB Júlio Maldonado 0-0: Ball
1-0: Fly out, F4 (Line Drive, 8LS)
Batting: LHB Steve Ingram 0-0: Ball
1-0: Ground out 4-3 (Groundball, 13)
Batting: RHB Luis Muńóz 0-0: Ball
1-0: Ball
2-0: Ball
3-0: Called Strike
3-1: Foul Ball, location: 2F
3-2: Strikes out swinging
Top of the 11th over - 0 run(s), 0 hit(s), 0 error(s), 0 left on base; New Amsterdam 1 - Chicago 1
BOTTOM OF THE 11TH
Chicago Hawks batting - Pitching for New Amsterdam Republics : RHP Gavin Blackburn
Batting: RHB Pedro Cruz 0-0: Called Strike
0-1: Foul Ball, location: 2F
0-2: Ball
1-2: Ball
2-2: Ball
3-2: Base on Balls
Batting: RHB Robbie Roach 0-0: Called Strike
0-1: Fielders Choice at 2nd, 6-4 (Groundball, 6M)
Batting: LHB Mal Wadley 0-0: Ball
1-0: Foul Ball, location: 2F
1-1: Ball
2-1: SINGLE (Groundball, 3D)
Robbie Roach to second
Runner from 2nd tries for 3rd, SAFE, throw made to third
Batting: RHB Chandler Bailey 0-0: Ball
1-0: Called Strike
1-1: Called Strike
1-2: Foul Ball, location: 2F
1-2: Foul Ball, location: 2F
1-2: SINGLE (Line Drive, 34)
Robbie Roach scores
This league is powered by Out of the Park Baseball, the baseball management simulation game for PC, Mac and Linux
Friday, July 8th, 2016 - OOTP Baseball 16.9 Build 39